 Dungeon Crawl Stone Soup version 0.30-a0-219-gf2db51d15e (webtiles) character file.

Game seed: 4479282193455773361

1 blackman the Sneak (level 1, -1/18 HPs)
             Began as a Demigod Delver on Oct 8, 2022.
             Slain by an orc wizard
             ... wielding a +2 dagger of venom
              (5 damage)
             ... on level 5 of the Dungeon.
             The game lasted 00:00:40 (71 turns).

blackman the Sneak (Demigod Delver)                   Turns: 71, Time: 00:00:41

Health: -1/18      AC:  3    Str: 13    XL:     1   Next: 13%
Magic:  3/3        EV: 11    Int: 12    God:
Gold:   7          SH:  0    Dex: 15    Spells: 0/0 levels left

rFire   . . .      SeeInvis .    a - +0 falchion
rCold   . . .      Faith    .    (no shield)
rNeg    . . .      Spirit   .    b - +0 leather armour
rPois   .          Reflect  .    (no helmet)
rElec   .          Harm     .    (no cloak)
rCorr   .          Rampage  .    (no gloves)
Will    .....                    (no boots)
Stlth   +++.......               (no amulet)
HPRegen 0.23/turn                (no ring)
MPRegen 0.08/turn                (no ring)

@: lethally poisoned (-1 -> -11)
A: high MP 1, forlorn, divine attributes
a: no special abilities


You were on level 5 of the Dungeon.
You visited 1 branch of the dungeon, and saw 1 of its levels.

You collected 7 gold pieces.

Inventory:

Hand Weapons
 a - a +0 falchion (weapon)
Armour
 b - a +0 leather armour (worn)
Wands
 g - a wand of digging (3)
Scrolls
 c - a scroll of fog
 d - a scroll of magic mapping
 e - a scroll of fear
Potions
 f - a potion of haste


   Skills:
 - Level 2.6 Fighting
 + Level 1.9 Long Blades
 - Level 1.7 Dodging
 - Level 4.5 Stealth


You couldn't memorise any spells.
You didn't know any spells.
Your spell library was empty.

Dungeon Overview and Level Annotations

Branches:
Dungeon (5/15)
 Temple: D:4-7

Annotations:
D:5 Menkaure


Innate Abilities, Weirdness & Mutations

You have an increased reservoir of magic. (+10% MP)
You shall have no god before yourself.
Your divine heritage dramatically boosts your attributes as you level up.


Message History

There is a stone staircase leading up here.
Found 7 gold pieces.
Found a white marble altar of Elyvilon.
You now have 7 gold pieces.
No target in view!
No target in view!
Hit: a) +0 falchion
Press: ? - help, Dir - move target, f - quokka
Aim: a quokka (wandering, peaceful, about 52% to evade your +0 falchion) Really attack the non-hostile quokka? [Y]es or [N]o only, please.
Really attack the non-hostile quokka?
You closely miss the quokka. The quokka barely misses you.
You hit the quokka.
The quokka is almost dead.
The quokka bites you but does no damage.
The quokka closely misses you.
You hit the quokka.
You kill the quokka!
You see here a quokka corpse.
Found an escape hatch in the ceiling.
Found a whip.
An orc and an orc wizard come into view.
The orc wizard is wielding a +2 dagger of venom.
Found a stone staircase leading up.
A scorpion and an orc wizard come into view.
The orc wizard gestures at you while chanting.
The magic dart hits you.
An orc comes into view. It is wielding a +0 club.
An orc priest comes into view. It is wielding a +0 dagger.
The orc wizard shouts!
The orc priest shouts!
The orc shouts!
You hear a shout! x3
The orc closely misses you.
The orc wizard hits you with a +2 dagger of venom.
You are lethally poisoned!
Menkaure, Prince of Dust comes into view.
There is a stone staircase leading up, spattered with blood here.
* * * LOW HITPOINT WARNING * * *
You feel very sick. The orc closely misses you.
The orc wizard hits you with a +2 dagger of venom.
You die...

#. ## ... ..
#..###. ...o...
M..o. #o.. #..o####
#..o@..#########
.....####.........#
### ##........#
#........# #
##.......# #####..#
#.......# ##.....#
#.......#
.######..#####
#.......#
...........#
#.......#


You could see Menkaure, an orc priest, 2 orc wizards and 2 orcs.

Vanquished Creatures
  A quokka (D:5)
1 creature vanquished.

Notes
Turn   | Place    | Note
-------+----------+-------------------------------------------
     0 | D:5      | blackman the Demigod Delver began the quest for the Orb.
     0 | D:5      | Reached XP level 1. HP: 18/18 MP: 3/3
    67 | D:5      | Noticed an orc wizard
    68 | D:5      | Noticed a scorpion
    68 | D:5      | Noticed an orc wizard
    69 | D:5      | Noticed an orc priest
    70 | D:5      | Noticed Menkaure
    71 | D:5      | Slain by an orc wizard

Illustrated notes

Levels and vault maps discovered:
D:5:      layout_rooms, nicolae_wu_jian_immortal_techniques, elyvilon_altar_4,
          uniq_pikel, uniq_menkaure

Action                   || total
-------------------------++-------
Melee: Falchion          ||     3
Armor: Leather armour    ||     1
Dodge: Dodged            ||     4

Table legend: (Time is in decaauts)
 A = Elapsed time spent in this place.
 B = Non-inter-level travel time spent in this place.
 C = Inter-level travel time spent in this place.
 D = Time resting spent in this place.
 E = Time spent auto-exploring this place.
 F = Levels seen in this place.
 G = Mean time per level.
                   A        B        C        D        E       F      G
               +--------+--------+--------+--------+--------+-----+--------+
         Total |     71 |     71 |      0 |      0 |      0 |   1 |   71.0 |
       Dungeon |     71 |     71 |      0 |      0 |      0 |   1 |   71.0 |
               +--------+--------+--------+--------+--------+-----+--------+

Top non-repeatable levels by time:
     D:5: 71 daAuts
